Cogmind - Beta 10.2 @@@ ROGUE MODE // 2021.12.24 @ 11:04:27 Player: DDRAGON Result: Destroyed by as-89905 with Assembled F-torch Performance ------------- Evolutions (1) 500 Regions Visited (4) 800 Robots Destroyed (28) 140 Value Destroyed (590) 590 Prototype IDs (1) 20 Alien Tech Used (0) 0 Bonus (0) 0 TOTAL SCORE: 2050 Bonus ------- None Cogmind --------- Core Integrity 0/400 Matter 200/300 Energy 100/100 System Corruption 3% Temperature Cool (20) Movement Flying (200) Ox2 Location -9/Mines Parts ------- > --- POWER (1) -------- (None) > --- PROPULSION (4) --- Flight Unit > --- UTILITY (2) ------ Medium Storage Unit > --- WEAPON (2) ------- Improved Assault Rifle > --- INVENTORY (8) ---- Light Ion Engine Aluminum Leg Targeting Computer Hardened Light Armor Plating Heavy Hammer Heavy Hammer Peak State ------------ > --- POWER ------------ Improved Ion Engine > --- PROPULSION ------- Light Treads Light Treads Aluminum Leg Flight Unit > --- UTILITY ---------- Medium Storage Unit Reflective Plating > --- WEAPON ----------- Improved Assault Rifle Bore Cannon > --- INVENTORY -------- Light Ion Engine Aluminum Leg Targeting Computer Hardened Light Armor Plating Improved Assault Rifle Heavy Hammer Heavy Hammer [Rating: 19] Favorites ----------- Power Ion Engine Engine Ion Engine Propulsion Aluminum Leg Treads Light Treads Leg Aluminum Leg Flight Unit Flight Unit Utility Reflective Plating Device ECM Suite Storage Small Storage Unit Protection Reflective Plating Weapon Improved Assault Rifle Energy Gun Medium Laser Energy Cannon Beam Cannon Ballistic Gun Improved Assault Rifle Ballistic Cannon Bore Cannon Build | -11 -10 -10 -9 -9 ------- Run | Scr Mat Min Mat Min Slots Evolved 2 | . . . 2 . Power . | . . . . . Propulsion 2 | . . . 2 . Utility . | . . . . . Weapon . | . . . . . Parts Attached 41 | 6 5 3 20 7 Power 3 | 1 . . 1 1 Engine 3 | 1 . . 1 1 Core . | . . . . . Reactor . | . . . . . Propulsion 12 | 2 . 1 6 3 Treads 3 | . . . 2 1 Leg 6 | 2 . 1 2 1 Wheel . | . . . . . Hover . | . . . . . Flight 3 | . . . 2 1 Utility 8 | 1 2 . 4 1 Device 2 | . 2 . . . Storage 2 | 1 . . 1 . Processor . | . . . . . Hackware . | . . . . . Protection 4 | . . . 3 1 Artifact . | . . . . . Weapon 18 | 2 3 2 9 2 Energy Gun 9 | 2 2 1 4 . Energy Cannon 1 | . 1 . . . Ballistic Gun 7 | . . 1 5 1 Ballistic Cannon 1 | . . . . 1 Launcher . | . . . . . Special Weapon . | . . . . . Impact Weapon . | . . . . . Slashing Weapon . | . . . . . Piercing Weapon . | . . . . . Special Melee Weapon . | . . . . . Unidentified Prototypes 1 | . . . 1 . Parts Lost 23 | . 3 1 8 11 Power 2 | . . . . 2 Propulsion 8 | . . . 3 5 Utility 3 | . . . 1 2 Weapon 10 | . 3 1 4 2 Highest Loss Streak 8 | . 2 1 8 6 Average Slot Usage (%) 88 | . 95 89 83 87 Engine 11 | . 14 14 11 9 Treads 6 | . . . 1 17 Leg 19 | . 28 28 22 8 Flight 6 | . . . 7 10 Device 4 | . 13 14 . . Storage 11 | . 14 14 11 11 Protection 6 | . . . 9 9 Energy Gun 7 | . 19 7 8 . Ballistic Gun 12 | . . 10 13 19 Naked Turns . | . . . . . Heaviest Build 31 | 13 15 13 23 31 Greatest Support 40 | 20 20 20 40 40 Greatest Overweight (x) 10 | . 1 1 7 10 Average Overweight (x) . | . . . . . Largest Inventory Capacity 10 | 6 6 6 10 8 Average Capacity 6 | 4 6 6 6 8 Most Carried 8 | 3 5 5 8 8 Average Carried 4 | 1 3 4 5 6 Final Capacity 8 | 6 6 6 8 8 Final Carried 7 | 1 4 4 7 6 Class Distribution -------------------- 60% | Mutant 39% | Scavenger-Mutant Dominant Class ---------------- Mutant | -10/Materials Mutant | -10/Mines Mutant | -9/Materials Scavenger-Mutant | -9/Mines Resources | -11 -10 -10 -9 -9 ----------- Run | Scr Mat Min Mat Min Matter Collected 654 | 73 224 37 231 89 Remotely . | . . . . . Salvage Created 861 | . 348 112 228 173 Parts 47 | . 13 8 22 4 Haulers Intercepted . | . . . . . Recyclers Shooed 1 | . 1 . . . Parts Field Recycled . | . . . . . Retrieved Matter . | . . . . . Parts Self-Destructed . | . . . . . Prevented . | . . . . . Kills | -11 -10 -10 -9 -9 ------- Run | Scr Mat Min Mat Min Combat Hostiles Destroyed 23 | . 3 4 9 7 Guns 20 | . 1 4 9 6 Cannons 3 | . 2 . . 1 Classes Destroyed 11 | . 6 1 1 3 Worker 2 | . 1 . 1 . Builder 2 | . 1 . 1 . Tunneler 1 | . 1 . . . Recycler 2 | . 2 . . . Watcher 1 | . 1 . . . Swarmer 9 | . . 2 7 . Grunt 8 | . 3 2 1 2 Duelist 1 | . . . . 1 Sentry 1 | . . . 1 . Demolisher 1 | . . . . 1 Assembled 3 | . . . . 3 Best Kill Streak 6 | . 3 2 6 3 Combat Bots Only 6 | . 2 2 6 3 Max Kills in Single Turn 2 | . 1 1 1 2 Gunslinging . | . . . . . Exploded . | . . . . . Melee . | . . . . . Uniques/NPCs Destroyed . | . . . . . Combat | -11 -10 -10 -9 -9 -------- Run | Scr Mat Min Mat Min Damage Taken 2551 | . 244 123 859 1325 Core 486 | . 35 44 113 294 Absorbed by Shields . | . . . . . Core Remaining (%) 84 | 100 . 68 . . Volleys Fired 116 | . 34 23 29 30 Largest 2 | . 2 2 2 2 Hottest 126 | . 115 70 126 80 Shots Fired 190 | . 61 25 54 50 Gun 167 | . 47 25 54 41 Cannon 23 | . 14 . . 9 Launcher . | . . . . . Special . | . . . . . Kinetic 93 | . . 18 25 50 Thermal 97 | . 61 7 29 . Explosive . | . . . . . Electromagnetic . | . . . . . Robot Hit Streak 15 | . 12 13 5 15 Robot Miss Streak 5 | . 5 3 3 2 Penetration Max . | . . . . . Secondary Targets 3 | . . . 2 1 Max Gunslinging Chain 1 | . . . 1 1 Shots Hit Robots 119 | . 35 17 32 35 Core Hits 46 | . 14 8 12 12 Critical Hits 3 | . . 1 . 2 Critical Kills 1 | . . . . 1 Critical Parts Destroyed 2 | . . 1 . 1 Melee Attacks . | . . . . . Impact . | . . . . . Slashing . | . . . . . Piercing . | . . . . . Sneak Attacks . | . . . . . Combat Hostiles . | . . . . . Follow-up Attacks . | . . . . . Damage Inflicted 1813 | . 431 173 615 594 Guns 1541 | . 265 173 597 506 Cannons 232 | . 159 . . 73 Explosions . | . . . . . Melee . | . . . . . Ramming 40 | . 7 . 18 15 Kinetic 896 | . . 112 205 579 Thermal 877 | . 424 61 392 . Explosive . | . . . . . Electromagnetic . | . . . . . Impact . | . . . . . Slashing . | . . . . . Piercing . | . . . . . Highest Corruption 3 | . . . . 3 Average Corruption 3 | . . . . 3 Corruption Purged . | . . . . . Effects 3 | . . . . 3 Message Errors 1 | . . . . 1 Heat Flow Errors 1 | . . . . 1 Targeting Errors 1 | . . . . 1 Overload Shots . | . . . . . Overflow Damage . | . . . . . Projectiles . | . . . . . Explosions . | . . . . . Melee . | . . . . . Knockbacks 2 | . . . . 2 Impact . | . . . . . Kinetic 2 | . . . . 2 Secondary . | . . . . . Self-Inflicted Damage 9 | . 3 . 6 . Shots . | . . . . . Rammed 11 | . 2 2 3 4 Targets Rammed 13 | . 2 2 5 4 Kicked 2 | . . . 2 . Crushed . | . . . . . Highest Temperature 443 | . 396 50 443 205 Average Temperature 135 | . 155 23 168 50 Received Heat Transfer 418 | . 132 21 9 256 Effects 7 | . 5 . 2 . Shutdowns 1 | . . . 1 . Energy Bleed 1 | . 1 . . . Interference 4 | . 4 . . . Damage (minor) 1 | . . . 1 . Siege Activations . | . . . . . Robots Corrupted . | . . . . . Combat Hostiles . | . . . . . Parts Fried . | . . . . . Impact Corruptions . | . . . . . Robots Melted . | . . . . . Combat Hostiles . | . . . . . Parts Melted 6 | . 6 . . . Heat Transferred 2109 | . 1073 185 851 . Parts Sabotaged . | . . . . . Parts Stolen . | . . . . . Parts Stripped . | . . . . . Power Chain Reactions . | . . . . . Missiles Intercepted . | . . . . . Alert | -11 -10 -10 -9 -9 ------- Run | Scr Mat Min Mat Min Peak Influence 184 | . 157 166 184 67 Initial 64 | . . 61 64 27 Average 75 | . 81 117 98 46 Maximum Alert Level . | . . . . . Low Security (%) 100 | 100 100 100 100 100 Level 1 . | . . . . . Level 2 . | . . . . . Level 3 . | . . . . . Level 4 . | . . . . . Level 5 . | . . . . . High Security . | . . . . . Max Security . | . . . . . Squads Dispatched 6 | . 2 . 4 . Investigation 1 | . . . 1 . Extermination . | . . . . . Reinforcement 5 | . 2 . 3 . Assault . | . . . . . Garrison . | . . . . . Intercept . | . . . . . Construction Impeded . | . . . . . Haulers Reinforced . | . . . . . Stealth | -11 -10 -10 -9 -9 --------- Run | Scr Mat Min Mat Min Distress Signals 2 | . 1 . 1 . Communications Jammed . | . . . . . Distress Signals . | . . . . . Times Spotted 43 | . 10 4 16 13 Peak Tracking Total 9 | . 2 2 8 9 Tactical Retreats 3 | . 1 1 . 1 Traps | -11 -10 -10 -9 -9 ------- Run | Scr Mat Min Mat Min Traps Triggered 1 | . . . 1 . Indirectly . | . . . . . Trap Hack Attempts . | . . . . . Triggered . | . . . . . Disarmed . | . . . . . Reprogrammed . | . . . . . Reused . | . . . . . Traps Extracted . | . . . . . Installed . | . . . . . Triggered . | . . . . . Machines | -11 -10 -10 -9 -9 ---------- Run | Scr Mat Min Mat Min Machines Disabled 1 | . 1 . . . Max in Single Turn 1 | . 1 . . . Machines Sabotaged . | . . . . . Garrisons Compromised . | . . . . . Overloaded Fab Kills . | . . . . . Fab Network Shutdowns . | . . . . . Hacking | -11 -10 -10 -9 -9 --------- Run | Scr Mat Min Mat Min Machines Accessed 2 | . 2 . . . Terminals . | . . . . . Fabricators . | . . . . . Repair Stations . | . . . . . Recycling Units 2 | . 2 . . . Scanalyzers . | . . . . . Garrison Access . | . . . . . Total Hacks 2 | . 2 . . . Successful 2 | . 2 . . . Failed . | . . . . . Catastrophic . | . . . . . Database Lockouts . | . . . . . Manual . | . . . . . Terminals . | . . . . . Fabricators . | . . . . . Repair Stations . | . . . . . Recycling Units 2 | . 2 . . . Scanalyzers . | . . . . . Garrison Access . | . . . . . Terminal Hacks . | . . . . . Fabricator Hacks . | . . . . . Repair Station Hacks . | . . . . . Recycling Unit Hacks 2 | . 2 . . . Retrieve Components 2 | . 2 . . . Scanalyzer . | . . . . . Garrison Access Hacks . | . . . . . Unauthorized Hacks . | . . . . . Terminals . | . . . . . Fabricators . | . . . . . Repair Stations . | . . . . . Recycling Units . | . . . . . Scanalyzers . | . . . . . Garrison Access . | . . . . . Data Cores Recovered . | . . . . . Used . | . . . . . Hacking Detections . | . . . . . Full Trace Events . | . . . . . Feedback Events . | . . . . . Feedback Blocked . | . . . . . Robot Schematics Acquired . | . . . . . Robots Built . | . . . . . Matter . | . . . . . Time . | . . . . . Total Robot Build Rating . | . . . . . Part Schematics Acquired . | . . . . . Parts Built . | . . . . . Matter . | . . . . . Time . | . . . . . Total Part Build Rating . | . . . . . Parts Repaired . | . . . . . Time . | . . . . . Parts Recycled . | . . . . . Recycled Matter . | . . . . . Retrieved Matter . | . . . . . Retrieved Components 5 | . 5 . . . Parts Scanalyzed . | . . . . . Part Schematics Acquired . | . . . . . Parts Damaged . | . . . . . Bothacking | -11 -10 -10 -9 -9 ------------ Run | Scr Mat Min Mat Min Used RIF Installer . | . . . . . Robots Hacked . | . . . . . Non-combat . | . . . . . Combat . | . . . . . Robot Hacks Applied . | . . . . . Relay Couplers Released . | . . . . . Robots Rewired . | . . . . . Allies Hacked . | . . . . . Hacks Repelled . | . . . . . Allies | -11 -10 -10 -9 -9 -------- Run | Scr Mat Min Mat Min Total Allies . | . . . . . Largest Group . | . . . . . Highest-Rated Group . | . . . . . Highest-Rated Ally . | . . . . . Total Orders . | . . . . . Ally Attacks . | . . . . . Total Damage . | . . . . . Kills . | . . . . . Allies Corrupted . | . . . . . Allies Melted . | . . . . . Intel | -11 -10 -10 -9 -9 ------- Run | Scr Mat Min Mat Min Robot Analysis Total . | . . . . . Derelict Logs Recovered . | . . . . . Drone Launches . | . . . . . Drone Recoveries . | . . . . . Exploration | -11 -10 -10 -9 -9 ------------- Run | Scr Mat Min Mat Min Turns Passed 1640 | 61 316 173 531 559 Spaces Moved 828 | 44 166 87 260 271 Core 20 | 6 . . 4 10 Treads 264 | . . . 22 242 Legs 488 | 38 166 87 183 14 Wheels . | . . . . . Hover . | . . . . . Flight 56 | . . . 51 5 Fastest Speed 50 | 50 120 120 120 160 Average Speed 145 | 110 123 132 149 166 Slowest Speed 550 | 120 150 150 440 550 Overloaded Moves . | . . . . . Propulsion Burnouts . | . . . . . Robots Hopped . | . . . . . Cave-ins Triggered . | . . . . . Exploration Rate (%) 27 | 3 37 19 25 53 Regions Visited 4 Branch Regions 2 Pre-discovered Areas . | . . . . . Known Exits Taken . | . . . . . Unknown Exits Taken 4 | 1 1 1 1 . Scrap Searched . | . . . . . Spaces Dug . | . . . . . Terrain Destroyed 4 | . . . . 4 Melee . | . . . . . Projectile 4 | . . . . 4 AOE . | . . . . . Terrain Rammed . | . . . . . Walls Destroyed . | . . . . . Machines Disabled . | . . . . . Actions | -11 -10 -10 -9 -9 --------- Run | Scr Mat Min Mat Min Total 1085 | 56 216 123 361 329 Wait 17 | . 2 4 . 11 Move 824 | 43 165 86 259 271 Hop . | . . . . . Pick Up 47 | 7 6 3 26 5 Fast Attach . | . . . . . Attach 41 | 6 5 3 20 7 Detach 13 | . 2 1 9 1 Swap . | . . . . . Drop 14 | . . 1 13 . Fire 116 | . 34 23 29 30 Melee . | . . . . . Ram . | . . . . . Kick 9 | . 2 2 5 . Crush 4 | . . . . 4 Escape Stasis . | . . . . . Rewire . | . . . . . Trap . | . . . . . Miscellaneous . | . . . . . Route ------- -11/Scrapyard -10/Materials -10/Mines (discovered 2 exits: [*Mat x2]) -9/Materials -9/Mines (discovered 1 exit: [*Mat]) History --------- Turn | Location | Event 23 | -11/Scrapyard | Discovered new exit (range 16) 62 | -11/Scrapyard | Entered Materials 317 | -10/Materials | Build established: Mutant 356 | -10/Materials | Discovered new exit (range 7) 378 | -10/Materials | Entered Mines 380 | -10/Mines | Discovered new exit (range 14) 459 | -10/Mines | Discovered new exit (range 3) 551 | -10/Mines | Entered Materials 551 | -9/Materials | Evolved 2 slots: Propulsion x2 846 | -9/Materials | Lost 8 parts (3n1u4w) 1071 | -9/Materials | Discovered new exit (range 7) 1082 | -9/Materials | Entered Mines 1107 | -9/Mines | Met a Derelict bent on vengeance 1147 | -9/Mines | Lost 3 parts (1p1n1u) 1276 | -9/Mines | Discovered new exit (range 10) 1422 | -9/Mines | Build established: Scavenger-Mutant 1501 | -9/Mines | Assembled infested the area 1506 | -9/Mines | Assisted by a Guerilla fighting off Assembled 1581 | -9/Mines | Core integrity fell below 50% 1595 | -9/Mines | Core integrity fell below 20% 1627 | -9/Mines | Lost 6 parts (1p2n1u2w) 1641 | -9/Mines | Destroyed by as-89905 with Assembled F-torch Last Messages --------------- D-53 Grenadier destroyed. U-05 Engineer lays Concrete. The unstable cave ceiling collapses. U-05 Engineer lays Concrete. D-53 Grenadier destroyed. U-05 Engineer builds a Wall. The unstable cave ceiling collapses. U-05 Engineer builds a Wall. K-01 Serf collects debris. The unstable cave ceiling collapses. K-01 Serf collects debris. U-05 Engineer lays Concrete. System corrupted: Heat flow error (+233). U-05 Engineer lays Concrete. Acquired Flight Unit. U-05 Engineer lays Concrete. The unstable cave ceiling collapses. U-05 Engineer lays Concrete. The unstable cave ceiling collapses. U-05 Engineer lays Concrete. Map ----- +----------------------------------------------------+ | #######??????????# #?????????## #??? | | #####????????????# #?????????# #??? | | #????????????# #?????????# #??? | | ### #????????????# #?????????## ##??? | | ??# #????????????# #??????????### ##???? | | ??# ###### #??# #????????????###????? | | ??# ### ##??????????????????? | | ??#### #### #??????????????????? | | ?????# #??## ### #??????????????????? | | ?????# #???## ???# #??????????????????? | | ?????# #????##????# #??????????????????? | | ###### #??????????# #??????????????????? | | #??????????# #??????????????????? | | ## #####??????????# #??????????????????? | | ?# ########?????### #??????????????????? | | ?# ##### ; #??????????????????? | | ?##########%# ### ###????????????????? | | ???????# ## # # ##???????????????? | | ??????#### # # ###########?????? | | ?????## # # # ????? | | ???? # ## # ??????? | | ???? # " """ """??????? | | ???? % # " """ """??????? | | ???? # # " """ """ ???? | | ???? # # % ????? | | ????# ""@""" """??????? | | ?????%###" "" """ ""???????? | | ????? # % ""a""" """ #?? | | ?????? ??## # ###% #?? | | ??????????# # ??###############????? | | ??????????# %? ?????????????????????? | | ??????????## ?????????????????????? | | ???????????### ?????????????????????? | | ????????????? ? ??????????????????????? | | ????????????#? ??????????????????????? | | ?????????????? %??????????????????????? | | ????????????? ???????????????????????? | | ????????????? ???????????????????????? | | ???????????????????????????????????????? | | ???????????????????????????????????????? | | ???????????????????????????????????????? | | ???????????????????????????????????????? | | ???????????????????????????????????????? | | ???????????????????????????????????????? | | ???????????????????????????????????????? | | ???????????????????????????????????????? | | ???????????????????????????????????????? | | ???????????????????????????????????????? | | ???????????????????????????????????????? | | ???????????????????????????????????????? | +----------------------------------------------------+ Best States ------------- Heat Dissipation 28 Energy Generation 12 Energy Capacity 265 Matter Stores 300 Matter Capacity 300 Sight Range 16 Terrain Scan Density 10 ECM Strength 1 Armor Coverage 150 Resistance: TH 10 Evasion (%) 40 Recoil Reduction 2 Item Schematics ----------------- None Robot Schematics ------------------ None Fabricated ------------ Nothing Alien Tech Used ----------------- None Achievements -------------- None Challenges ------------ None Game ------ Seed UltimateModifiedDriver Manual? 0 Play Time 00:18:04 Cumulative 5.3 hours Start 2021.12.24 @ 10:47:44 End 2021.12.24 @ 11:04:27 Sessions 1 Manual Loads 0 Difficulty Rogue Special Mode None Game No. 5 Rogue 5 Adventurer 0 Explorer 0 Win Type - Total 0 Types 0/0/0/0/0/0/0/0/0 Lore% 11 Gallery% 16 Achievement% 12 Wizard Run 0 Options --------- ASCII 0 Keyboard 1 Movement Numpad Keybinds 0 Fullscreen 1 Font 24/Proggy Map View 76x50 Tactical HUD 0 Map Filters NONE Filters NONE Steam 1 RUN: 2f00feea-ed44-4349-af81-82b5eab08a16